 Dungeon Crawl Stone Soup version 0.30-a0-1163-gf69bf04e7a (webtiles) character file.

Game seed: 11639154157320810104

55 Barriton the Conjurer (level 3, -4/26 HPs)
             Began as a Draconian Conjurer on Apr 28, 2023.
             Killed by nerve-wracking pain
             ... invoked by Grinder
              (12 damage)
             ... on level 3 of the Dungeon.
             The game lasted 00:04:01 (2309 turns).

Barriton the Conjurer (Draconian Conjurer)          Turns: 2309, Time: 00:04:02

Health: -4/26      AC:  6    Str:  9    XL:     3   Next: 67%
Magic:  8/15       EV: 12    Int: 20    God:
Gold:   93         SH:  0    Dex: 15    Spells: 3/7 levels left

rFire   . . .        (no weapon)
rCold   . . .        (no shield)
rNeg    . . .        (body armour unavailable)
rPois   .            (helmet restricted)
rElec   .            k - +0 cloak
rCorr   .            (no gloves)
SInv    .            (no boots)
Will    .....        b - amulet of magic regeneration
Stlth   ++           h - +6 ring of dexterity
HPRegen 0.24/turn    i - ring of magical power
MPRegen 0.54/turn

%: no passive effects
@: no status effects
A: AC +5, unfitting armour, cold-blooded
a: no special abilities


You were on level 3 of the Dungeon.
You visited 1 branch of the dungeon, and saw 3 of its levels.

You collected 93 gold pieces.

Inventory:

Armour
 k - a +0 cloak (worn)
Jewellery
 b - an amulet of magic regeneration (around neck)
 h - a +6 ring of dexterity (left hand)
 i - a ring of magical power (right hand)
Scrolls
 f - a scroll of identify
 j - a scroll of summoning {unknown}
 m - a scroll of fog
Potions
 a - a potion of magic
 c - a potion of cancellation
 d - a potion of resistance {unknown}
 e - a potion of heal wounds {unknown}
 g - a potion of attraction {unknown}
 l - a potion of lignification {unknown}


   Skills:
 + Level 1.9 Dodging
 + Level 1.9 Stealth
 + Level 2.5 Spellcasting
 + Level 4.9 Conjurations


You had 3 spell levels left.
You knew the following spells:

 Your Spells              Type           Power      Damage    Failure   Level
a - Magic Dart            Conj           88%        1d7       1%          1
b - Searing Ray           Conj           44%        2d6       3%          2
c - Beastly Appendage     Tmut           4%         N/A       16%         1

Your spell library contained the following spells:

 Spells                   Type           Power      Damage    Failure   Level
 Apportation              Tloc           4%         N/A       16%         1
 Necrotise                Necr           8%         1d4       16%         1
 Summon Small Mammal      Summ           8%         N/A       16%         1
 Dazzling Flash           Conj/Hex       24%        N/A       16%         3
 Blink                    Tloc           4%         N/A       22%         2
 Wereblood                Tmut           2%         N/A       22%         2
 Spider Form              Tmut/Pois      2%         N/A       41%         3
 Fulminant Prism          Conj/Hex       6%         3d6       47%         4
 Iskenderun's Mystic Bla  Conj/Tloc      12%        2d5       47%         4
 Manifold Assault         Tloc           2%         N/A       83%         4
 Storm Form               Tmut/Air       1%         N/A       100%        7


Dungeon Overview and Level Annotations

Branches:
Dungeon (3/15)

Altars:

Shops:
D:1 *   D:2 (   D:3 *(

Annotations:
D:3 Grinder


Innate Abilities, Weirdness & Mutations

Your plain brown scales are hard. (AC +5)
You cannot fit into any form of body armour.
You are cold-blooded and may be slowed by cold attacks.


Message History

Casting: Magic Dart (safe; 1% risk of failure)
Confirm with . or Enter, or press ? or * to list all spells.
Aiming: Searing Ray (safe; 3% risk of failure)
Press: ? - help, Shift-Dir - straight line, f/p - Grinder
Aim: Grinder (lightly wounded, 75% to hit)
The searing ray hits Grinder.
Grinder is moderately wounded. (Press . to maintain the ray.)
The searing ray hits Grinder.
Grinder is moderately wounded.
Grinder says, "There's only one good use for a tongue: cutting it out."
Grinder gestures at you.
You suddenly lose the ability to move!
Grinder hits you.
You writhe in agony.
Grinder barely misses you. Grinder hits you.
You writhe in agony.
* * * LOW HITPOINT WARNING * * *
You can move again.
Grinder gestures at you.
You barely resist.
Casting: Searing Ray (safe; 3% risk of failure)
Confirm with . or Enter, or press ? or * to list all spells.
Aiming: Searing Ray (safe; 3% risk of failure)
Press: ? - help, Shift-Dir - straight line, f/p - Grinder
Aim: Grinder (moderately wounded, 75% to hit)
The searing ray hits Grinder.
Grinder is moderately wounded. (Press . to maintain the ray.) Grinder closely misses you.
The searing ray hits Grinder!
Grinder is heavily wounded.
Grinder blinks!
The searing ray hits Grinder!
Grinder is severely wounded.
The searing ray hits Grinder!
Grinder is almost dead.
You finish channelling your searing ray.
Grinder gestures at you. Pain shoots through your body!
You die...

.... ... ... #.. #.#
#.# #†# #.# ##†##
##.### ##5@.## #.....
##.....## ###.....
#.......## ##.#.....
#.........####........
+.........'...........
#.........####...##.#.
##.......## #..###.#.
##.....## #.###..#.
##...## #.###.##.


You could see Grinder.

Vanquished Creatures
  An adder (D:2)
  2 dart slugs
  3 endoplasms (D:1)
  2 giant cockroaches
  3 goblins
  2 hobgoblins (D:1)
  4 jackals
  3 quokkas
  3 ball pythons
  3 bats
  2 frilled lizards (D:1)
  5 kobolds
  4 rats
37 creatures vanquished.

Notes
Turn   | Place    | Note
-------+----------+-------------------------------------------
     0 | D:1      | Barriton the Draconian Conjurer began the quest for the
                  | Orb.
     0 | D:1      | Reached XP level 1. HP: 14/14 MP: 3/3
   324 | D:1      | Reached XP level 2. HP: 20/20 MP: 1/5
   899 | D:1      | Found Hostre's General Store.
   933 | D:1      | Learned a level 2 spell: Searing Ray
   935 | D:1      | Learned a level 1 spell: Beastly Appendage
  1146 | D:2      | Found Vuhi's Weapon Boutique.
  1160 | D:2      | Reached XP level 3. HP: 24/26 MP: 2/6
  2071 | D:3      | Found Daggir's Assorted Antiques.
  2243 | D:3      | Found Ceetyaz's Antique Weapon Boutique.
  2289 | D:3      | Noticed Grinder
  2301 | D:3      | Paralysed by Grinder for 4 turns
  2309 | D:3      | Killed from afar by Grinder

Illustrated notes

Levels and vault maps discovered:
D:1:      wander_arrival_chamber, layout_basic, serial_shops, shop
D:2:      layout_basic, serial_shops, nicolae_diamond_shop
D:3:      layout_loops_corners, serial_shops, shop, nicolae_square_shop,
          uniq_crazy_yiuf_cottage, uniq_grinder, uniq_natasha

Action                     || total
---------------------------++-------
   Cast: Magic Dart        ||    72
         Searing Ray       ||     3
    Use: Scroll            ||     5
 Armour: Skin              ||     7
  Dodge: Dodged            ||     6

Table legend: (Time is in decaauts)
 A = Elapsed time spent in this place.
 B = Non-inter-level travel time spent in this place.
 C = Inter-level travel time spent in this place.
 D = Time resting spent in this place.
 E = Time spent auto-exploring this place.
 F = Levels seen in this place.
 G = Mean time per level.
                   A        B        C        D        E       F      G
               +--------+--------+--------+--------+--------+-----+--------+
         Total |   2308 |   2139 |    169 |      0 |   1946 |   3 |  769.3 |
       Dungeon |   2308 |   2139 |    169 |      0 |   1946 |   3 |  769.3 |
               +--------+--------+--------+--------+--------+-----+--------+

Top non-repeatable levels by time:
     D:1: 1108 daAuts
     D:2: 782 daAuts
     D:3: 418 daAuts
